 Dungeon Crawl Stone Soup version 0.22.1-1-ga44c0e5 (webtiles) character file.

531189 Irenicus the Executioner (level 24, -6/300 HPs)
             Began as a Deep Dwarf Monk on Oct 5, 2018.
             Was the Champion of Makhleb.
             Killed from afar by a Hell Sentinel (77 damage)
             ... with an iron shot
             ... created by the power of Zot
             ... on level 3 of the Tomb of the Ancients.
             The game lasted 04:21:42 (25817 turns).

Irenicus the Executioner (Deep Dwarf Monk)         Turns: 25817, Time: 04:21:43

Health: -6/300     AC: 28    Str: 15      XL:     24   Next: 43%
Magic:  14/27      EV: 28    Int: 18      God:    Makhleb [******]
Gold:   2075       SH:  8    Dex: 17 (22) Spells: 17/41 levels left

rFire    + + .     SeeInvis .   D - +9 broad axe (chop)
rCold    + . .     Gourm    .   G - +3 warlock's mirror {reflect}
rNeg     + + +     Faith    .   (armour currently unavailable)
rPois    ∞         Spirit   .   f - +2 hat of Purpose {rPois Str+2 Int+4}
rElec    +         Reflect  +   X - scarf {rC+ rF+}
rCorr    +         Harm     .   (gloves currently unavailable)
MR       +++..                  (boots currently unavailable)
Stlth    ++........             r - amulet of the acrobat
HPRegen  0.00/turn              L - ring "Buenom" {rCorr rPois rN+ Str-4}
MPRegen  0.20/turn              s - ring of protection from fire {rF+, !d}

@: statue-form, aura of abjuration, non-regenerating, very slow
A: damage resistance, heal wounds, negative energy resistance 1, sense
surroundings 3, MP-powered wands, sturdy frame 1, no regeneration
}: 3/15 runes: serpentine, barnacled, silver
a: Heal Wounds, End Transformation, Minor Destruction, Lesser Servant of
Makhleb, Major Destruction, Greater Servant of Makhleb, Renounce Religion


You were on level 3 of the Tomb of the Ancients.
You worshipped Makhleb.
Makhleb was exalted by your worship.
You were not hungry.
You were a stone statue.
You visited 9 branches of the dungeon, and saw 43 of its levels.
You visited the Abyss 1 time.
You also visited: Ice Cave and Desolation.

You collected 4506 gold pieces.
You spent 2431 gold pieces at shops.

Inventory:

Hand Weapons
 a - a +1 broad axe of flaming
   (You took it off a hell knight on level 5 of the Vaults)
 D - a +9 broad axe of chopping (weapon)
   (You bought it in a shop on level 4 of the Shoals)
Armour
 f - the +2 hat of Purpose (worn) {rPois Str+2 Int+4}
   (You found it on level 2 of the Lair of Beasts)

   It affects your strength (+2).
   It affects your intelligence (+4).
   It protects you from poison.
 z - the +0 pair of boots of Follow the Leader (melded) {Str+2 Slay+4 Stlth-}
   (You found it on level 5 of the Dungeon)

   It affects your strength (+2).
   It affects your accuracy and damage with ranged weapons and melee attacks
   (+4).
   It makes you less stealthy.
 A - the +2 pair of boots of Ytroder {rN+}
   (You found it in the Desolation of Salt)

   It protects you from negative energy.
 G - the +3 warlock's mirror (worn) {reflect}
   (You found it on level 7 of the Dungeon)
 M - a +2 pair of gloves (melded)
   (You found it on level 6 of the Lair of Beasts)
 Q - a +3 leather armour of poison resistance (melded)
   (You found it on level 10 of the Dungeon)
 X - a scarf of resistance (worn)
   (You found it on level 12 of the Dungeon)
Jewellery
 d - an uncursed ring of flight {+Fly, !d}
   (You found it on level 1 of the Shoals)
 n - a +3 amulet of reflection
   (You found it on level 12 of the Dungeon)
 r - an amulet of the acrobat (around neck)
   (You found it on level 1 of the Vaults)
 s - a ring of protection from fire (right hand) {rF+, !d}
   (You found it on level 1 of the Tomb of the Ancients)
 F - an uncursed ring of protection from cold {rC+, !d}
   (You found it on level 4 of the Lair of Beasts)
 J - an uncursed ring of wizardry {Wiz+, !d}
   (You found it on level 5 of the Lair of Beasts)
 L - the ring "Buenom" (left hand) {rCorr rPois rN+ Str-4}
   (You found it in the Desolation of Salt)

   [ring of resist corrosion]

   It affects your strength (-4).
   It protects you from poison.
   It protects you from negative energy.
 S - a +4 ring of evasion
   (You found it on level 3 of the Lair of Beasts)
Wands
 e - a wand of flame (30)
   (You found it on level 5 of the Vaults)
 w - a wand of enslavement (16)
   (You found it on level 13 of the Dungeon)
 x - a wand of disintegration (6)
   (You found it on level 1 of the Shoals)
 y - a wand of paralysis (37)
   (You found it on level 1 of the Lair of Beasts)
 C - a wand of acid (17)
   (You found it on level 2 of the Snake Pit)
 O - a wand of iceblast (44)
   (You took it off a necromancer in an ice cave)
 R - a wand of digging (87)
   (You found it on level 10 of the Dungeon)
 W - a wand of scattershot (3)
   (You found it on level 2 of the Abyss)
 Y - a wand of clouds (9)
   (You found it on level 6 of the Lair of Beasts)
Scrolls
 b - 6 scrolls of enchant armour
 g - 24 scrolls of teleportation
 i - 8 scrolls of magic mapping {!r}
 k - a scroll of enchant weapon
 l - 5 scrolls of blinking {!r}
 p - 3 scrolls of identify
 t - a scroll of brand weapon
 u - 5 scrolls of immolation {!r}
 v - 6 scrolls of remove curse
 U - 3 scrolls of holy word {!r}
Potions
 j - a potion of berserk rage {!q}
 m - 11 potions of curing
 o - 5 potions of resistance
 H - 7 potions of mutation {!q}
 I - 2 potions of cancellation
 K - a potion of might
 N - 3 potions of agility
 T - 4 potions of haste
Miscellaneous
 h - a lamp of fire (inert)
   (You found it on level 6 of the Lair of Beasts)
 q - a phantom mirror
 E - a lightning rod (4/4)
   (You found it on level 2 of the Orcish Mines)
 V - a phial of floods
   (You found it on level 9 of the Dungeon)
 Z - a fan of gales
   (You found it on level 1 of the Orcish Mines)
Comestibles
 c - 31 rations


   Skills:
 + Level 16.7 Fighting
 + Level 25.0 Axes
 - Level 3.1 Armour
 - Level 20.0 Dodging
 - Level 2.4 Stealth
 - Level 4.3 Shields
 - Level 9.0 Spellcasting
 - Level 11.7 Summonings
 - Level 3.1 Necromancy
 - Level 5.0 Translocations
 - Level 10.4 Transmutations
 - Level 20.1 Earth Magic
 - Level 12.0 Invocations
 - Level 8.1 Evocations


You had 17 spell levels left.
You knew the following spells:

 Your Spells              Type           Power        Failure   Level  Hunger
a - Animate Skeleton      Necr           N/A          2%          1    None
b - Passwall              Tmut/Erth      ######..     1%          2    None
c - Statue Form           Tmut/Erth      ######...    2%          6    ######.
d - Borgnjor's Vile Clut  Necr/Erth      #####.....   1%          5    #####..
e - Blink                 Tloc           N/A          1%          2    None
g - Apportation           Tloc           ####..       1%          1    None
m - Sublimation of Blood  Necr           ###.......   3%          2    None
q - Aura of Abjuration    Summ           ######....   1%          5    #####..

Your spell library contained the following spells:

 Spells                   Type           Power        Failure   Level  Hunger
 Sandblast                Erth           ######       0%          1    None
 Beastly Appendage        Tmut           #####.       1%          1    None
 Summon Small Mammal      Summ           ####         1%          1    None
 Call Imp                 Summ           ######..     1%          2    None
 Sticks to Snakes         Tmut           #####...     1%          2    None
 Recall                   Summ/Tloc      N/A          1%          3    None
 Stone Arrow              Conj/Erth      #####.       1%          3    None
 Leda's Liquefaction      Hex/Erth       #####.....   1%          4    ###....
 Petrify                  Tmut/Erth      ######..     1%          4    ###....
 Lee's Rapid Deconstruct  Erth           ######....   1%          5    #####..
 Summon Demon             Summ           ######....   1%          5    #####..
 Pain                     Necr           ###.         2%          1    None
 Corpse Rot               Necr           N/A          3%          2    None
 Gell's Gravitas          Tloc           ####......   3%          3    None
 Lesser Beckoning         Tloc           ####......   3%          3    None
 Spider Form              Tmut/Pois      ####......   3%          3    None
 Teleport Other           Tloc           ####....     3%          3    None
 Blade Hands              Tmut           #####.....   3%          5    #####..
 Shroud of Golubria       Chrm/Tloc      ###.......   4%          2    None
 Vampiric Draining        Necr           ###.......   8%          3    None
 Summon Lightning Spire   Summ/Air       ####....     8%          4    ###....
 Summon Forest            Summ/Tloc      #####.....   8%          5    #####..
 Confusing Touch          Hex            #.....       9%          1    None
 Flame Tongue             Conj/Fire      #....        9%          1    None
 Infusion                 Chrm           #...         9%          1    None
 Magic Dart               Conj           #...         9%          1    None
 Ice Form                 Ice/Tmut       ####....     11%         4    ###....
 Passage of Golubria      Tloc           N/A          11%         4    ###....
 Shadow Creatures         Summ           N/A          11%         6    ######.
 Ensorcelled Hibernation  Hex/Ice        #.....       13%         2    None
 Slow                     Hex            #.......     13%         2    None
 Throw Flame              Conj/Fire      #.....       13%         2    None
 Bolt of Magma            Conj/Fire/Erth ####......   16%         5    #####..
 Hydra Form               Tmut           #####.....   19%         6    ######.
 Summon Mana Viper        Hex/Summ       ####....     22%         5    #####..
 Iron Shot                Conj/Erth      #####.....   22%         6    ######.
 Animate Dead             Necr           N/A          24%         4    ###....
 Conjure Flame            Conj/Fire      #.......     26%         3    None
 Inner Flame              Hex/Fire       #.......     26%         3    None
 Mephitic Cloud           Conj/Pois/Air  #.......     26%         3    None
 Static Discharge         Conj/Air       #.......     26%         3    None
 Agony                    Necr           ###.....     56%         5    #####..
 Dispel Undead            Necr           ###.....     56%         5    #####..
 Sticky Flame             Conj/Fire      #.......     65%         4    ###....
 Bolt of Draining         Conj/Necr      ##........   78%         5    #####..
 Excruciating Wounds      Chrm/Necr      ##........   78%         5    #####..
 Shatter                  Erth           ######....   93%         9    #######
 Fireball                 Conj/Fire      #.........   94%         5    #####..
 Iskenderun's Battlesphe  Conj/Chrm      #.......     94%         5    #####..
 Lightning Bolt           Conj/Air       #.........   94%         5    #####..
 Silence                  Hex/Air        #.........   94%         5    #####..
 Venom Bolt               Conj/Pois      #.........   94%         5    #####..
 Death Channel            Necr           ###.......   98%         6    ######.
 Bolt of Cold             Conj/Ice       #.........   100%        6    ######.
 Bolt of Fire             Conj/Fire      #.........   100%        6    ######.
 Conjure Ball Lightning   Conj/Air       #.........   100%        6    ######.
 Darkness                 Hex            #.........   100%        6    ######.
 Deflect Missiles         Chrm/Air       #.........   100%        6    ######.
 Freezing Cloud           Conj/Ice/Air   #.........   100%        6    ######.
 Simulacrum               Ice/Necr       ##........   100%        6    ######.
 Orb of Destruction       Conj           #.........   100%        7    #######
 Spellforged Servitor     Conj/Summ      ####......   100%        7    #######
 Ignition                 Fire           #.........   100%        8    #######
 Tornado                  Air            #.........   100%        9    #######
 Regeneration             Chrm/Necr      Unusable     N/A         3    N/A

Dungeon Overview and Level Annotations

Branches:
Dungeon (15/15)            Temple (1/1) D:6            Lair (6/6) D:8
 Shoals (4/4) Lair:3        Snake (4/4) Lair:4        Slime (0/5) Lair:5
    Orc (2/2) D:12            Elf (0/3) Orc:2        Vaults (5/5) D:14
  Crypt (3/3) Vaults:3       Tomb (3/3) Crypt:3      Depths (0/5) D:15

Altars:
Ashenzari
Dithmenos
Elyvilon
Fedhas
Kikubaaqudgha
Makhleb
Nemelex Xobeh
Okawaru
Qazlal
Ru
Sif Muna
Uskayaw
Vehumet
Wu Jian
Xom
Yredelemnul
The Shining One
Beogh

Shops:
D:10 :   D:11 *(   Orc:2 *?=[   Shoals:1 (*?}   Shoals:3 [   Shoals:4 *:*(%
Snake:1 %   Snake:2 *}   Vaults:3 ?

Annotations:
Shoals:1 3 runed doors, Curus's ghost, adept DsGl


Innate Abilities, Weirdness & Mutations

You are resistant to damage.
You can heal yourself by infusing magical energy.
You resist negative energy. (rN+)
You passively map a large area around you.
You do not regenerate.
((You are partially covered in slimy green scales. (AC +2)))
You expend magic power (3 MP) to strengthen your wands.
Your movements are slightly less encumbered by armour. (ER -2)


Message History

You feel better.
You feel extremely nervous for a moment...
Your body is wracked with pain!
Makhleb accepts your kill.
You feel better.
You feel extremely nervous for a moment...
Nothing appears to happen.
The revenant conjures spectral mists around you.
Your +3 warlock's mirror {reflect} reflects the spectral mist!
The spectral mist engulfs the revenant.
You regained 22 hp, and now have 154/300 hp.
Aim the lamp in which direction?
Aim: a greater mummy The trail of fire misses the death scarab.
You are engulfed in blazing flames.
You resist.
The death scarab is engulfed in blazing flames. x2
The death scarab completely misses you.
The death scarab is engulfed in blazing flames.
You block the Hell Sentinel's attack. The Hell Sentinel hits you.
The death scarab is engulfed in blazing flames.
The death scarab barely misses you.
The mummy priest invokes the aid of its god against you.
Something smites you!
The revenant conjures spectral mists around you.
The spectral mist engulfs you!
You block the Hell Sentinel's attack. x2
A mummy comes into view.
The death scarab is engulfed in blazing flames.
You destroy the death scarab!
Makhleb accepts your kill.
You feel better.
You regained 4 hp, and now have 158/300 hp.
You are struck by the Hell Sentinel's spines.
You cut the Hell Sentinel into ribbons!!!
You slice the guardian mummy!!
You destroy the guardian mummy!
Makhleb accepts your kill.
You feel extremely nervous for a moment...
Strange energies run through your body.
You are engulfed in blazing flames.
You resist. You block the death scarab's attack.
The revenant is engulfed in blazing flames.
The ancient lich casts a spell.
The ancient lich flickers and vanishes!
The power of Zot is invoked against you!
You suddenly lose the ability to move!
The Hell Sentinel gestures at you.
Helpless, you fail to dodge the iron shot.
You are engulfed in blazing flames.
You resist.
The revenant is engulfed in blazing flames.
The revenant lashes out with ghostly flames.
The ghostly flame explodes!
The ghostly fireball engulfs you! You resist.
The ghostly fireball engulfs the Hell Sentinel.
The Hell Sentinel completely resists.
The ushabti is engulfed in spectral mist.
The greater mummy is engulfed in blazing flames.
The greater mummy calls on the powers of darkness!
Your body is wracked with pain!
The Hell Sentinel hits you but does no damage. x2
The guardian mummy is engulfed in blazing flames.
You are engulfed in blazing flames.
You resist. The death scarab bites you.
The death scarab is engulfed in blazing flames.
The spectral black mamba is engulfed in blazing flames.
The spectral black mamba bites you but does no damage.
The revenant is engulfed in blazing flames.
The revenant conjures spectral mists around you.
The spectral mist engulfs you!
The spectral black mamba is engulfed in blazing flames.
The spectral black mamba bites you but does no damage.
The greater mummy is engulfed in blazing flames.
The ushabti is engulfed in spectral mist.
The Hell Sentinel hits you!!
* * * LOW HITPOINT WARNING * * *
The Hell Sentinel hits you.
* * * LOW HITPOINT WARNING * * *
You can move again.
You take 74 damage, and have 84/300 hp.
MASSIVE DAMAGE!!
Unknown command.
You begin to abjure the creatures around you!
You are engulfed in blazing flames.
You resist.
* * * LOW HITPOINT WARNING * * *
The spectral black mamba fades away!
The death scarab disappears in a puff of smoke!
The spectral anaconda fades away!
The revenant is engulfed in blazing flames.
The revenant lashes out with ghostly flames.
The ghostly flame explodes!
The ghostly fireball engulfs you! You resist.
The ghostly fireball engulfs the ushabti.
The ushabti completely resists.
The ghostly fireball engulfs the revenant.
The revenant completely resists.
The ghostly fireball engulfs the Hell Sentinel.
The Hell Sentinel completely resists.
The revenant is engulfed in blazing flames.
The guardian mummy is engulfed in blazing flames.
The greater mummy is engulfed in blazing flames.
The greater mummy points at you and mumbles some strange words.
Something smites you!
* * * LOW HITPOINT WARNING * * *
The Hell Sentinel gestures at you. The iron shot hits you!
You die...

, , , * ,, ,,, ,
, .......... * ,
, , , , , ,
.....§.. * , , ,
, , #...§§§# ,,,,
, ,, #..§§§§#* .,
, , . #..§§§§#
...,,, , ,
...#...§M§#..§§
,,, , , ,
,,...M.Z§L1§M§§^.
, , , , ,
#§§§8LM# ,, , ,
,, ,,,,, ,
#.§8§§§# , * ,
,*#.§§s..# , , ,
** * , ,,, ,
#......#* , ** ,
#......#**, , * *
#..(...# ** , *
######## *


You could see a greater mummy, a Hell Sentinel, 2 revenants, a mummy priest, a
guardian mummy, an ushabti, a death scarab, a mummy and a manticore skeleton.

Vanquished Creatures
  2 ancient liches
  29 greater mummies
  Boris (Vaults:4)
  Saint Roka (Orc:2)
  Jory (Vaults:5)
  3 golden dragons (Vaults:5)
  2 bone dragons (Crypt:3)
  3 liches
  3 tentacled monstrosities (Vaults:5)
  The ghost of Xiraoc the Spry, an adept MfGl of Okawaru (Vaults:1)
  A quicksilver dragon (Vaults:5)
  2 titans (Vaults:5)
  Frances (D:12)
  8 ancient champions
  A tentacled starspawn (Abyss:2)
  9 nagarajas
  3 tengu reavers (Vaults:5)
  3 shadow dragons (Vaults:5)
  4 storm dragons
  8 sphinxes
  2 revenants
  2 iron dragons (Vaults:5)
  7 vault wardens
  2 frost giants
  2 imperial myrmidons (Desolation)
  A draconian knight (Abyss:2)
  2 deep elf elementalists (Vaults:5)
  3 orc warlords (Orc:1)
  A curse skull (Crypt:3)
  A juggernaut zombie (Crypt:1)
  4 ghouls
  4 ironheart preservers
  A very ugly thing (Vaults:5)
  2 war gargoyles (Vaults:5)
  2 stone giants
  A vampire knight (Crypt:2)
  An ophan (Abyss:2)
  An entropy weaver (shapeshifter) (Vaults:5)
  2 deep elf demonologists (Vaults:5)
  Azrael (D:12)
  14 bennus
  A minotaur (Lair:1)
  A deep elf annihilator (Vaults:5)
  A halazid warlock (Desolation)
  The ghost of Anon1729 the Cleaver, a journeyman NaGl of Uskayaw (D:9)
  18 mummy priests
  A deep elf death mage (Vaults:5)
  5 jiangshi
  4 fire dragons
  An eidolon (Crypt:1)
  5 ettins
  3 merfolk javelineers
  2 crystal guardians (Desolation)
  2 deep elf high priests (Vaults:5)
  8 merfolk impalers
  A great orb of eyes (shapeshifter) (Vaults:5)
  6 yaktaur captains
  7 servants of whispers (Desolation)
  The ghost of Tommers the Ogre Mage, a journeyman OgWz of Sif Muna (Lair:1)
  Fannar (D:12)
  26 vault guards
  7 ragged hierophants (Desolation)
  5 peacekeepers (Desolation)
  A quicksilver dragon skeleton (Crypt:3)
  15 naga warriors
  A catoblepas (Lair:6)
  8 hydras
  4 merfolk aquamancers
  4 merfolk avatars
  2 centaur warriors
  35 two-headed ogres
  4 alligator snapping turtles
  11 anacondas
  2 deep troll shamans (Vaults:5)
  7 ogre magi
  2 satyrs
  A tengu warrior (D:15)
  33 death scarabs
  A satyr (shapeshifter) (Vaults:5)
  2 vampire magi
  6 orc high priests (Orc:2)
  2 thrashing horrors (Abyss:2)
  2 hell knights (Vaults:5)
  5 shock serpents
  A soul eater (Crypt:2)
  A deep elf knight (Vaults:5)
  12 naga sharpshooters
  Nergalle (Lair:3)
  13 sea snakes
  A shadow wraith (Crypt:3)
  A salamander mystic (Snake:4)
  A fire crab (shapeshifter) (Vaults:5)
  4 wretched stars (Abyss:2)
  A sixfirhy (Abyss:2)
  A titan skeleton (Crypt:3)
  36 skeletal warriors
  A storm dragon skeleton (Crypt:3)
  A deep troll (shapeshifter) (D:13)
  A death drake (shapeshifter) (Vaults:5)
  A golden dragon zombie (Tomb:2)
  3 unseen horrors
  A golden dragon skeleton (Crypt:3)
  7 deep trolls
  6 large abominations
  A flayed ghost (Vaults:3)
  A glowing orange brain (Vaults:1)
  3 wizards
  15 naga ritualists
  2 deep elf archers
  11 orc knights
  An anaconda skeleton (Crypt:3)
  Pikel (D:6)
  7 ironbrand convokers
  3 phantasmal warriors
  3 necromancers
  An orb spider (shapeshifter) (Vaults:1)
  The ghost of Caim the Bolt Thrower, a novice CeAM of Fedhas (D:9)
  23 harpies
  25 ugly things
  6 deep elf magi
  19 mana vipers
  A shining eye (shapeshifter) (Vaults:5)
  A wolf spider (Vaults:5)
  A frost giant zombie (Tomb:1)
  A stone giant zombie (Crypt:1)
  4 salamanders (Snake:2)
  6 orc sorcerers
  7 cyclopes
  12 manticores
  An iron dragon skeleton (Crypt:3)
  A worldbinder (Abyss:2)
  6 fauns
  10 elephants
  5 guardian serpents
  A frost giant skeleton (Crypt:3)
  30 naga magi
  5 water nymphs
  6 merfolk sirens
  51 black mambas
  Joseph (D:8)
  12 vault sentinels
  An ice statue (IceCv)
  An orange demon (Abyss:2)
  A smoke demon (Abyss:2)
  2 gargoyles
  21 spiny frogs
  3 molten gargoyles (Desolation)
  A rime drake (Lair:6)
  5 centaur skeletons
  14 yaktaurs
  15 freezing wraiths
  2 kobold demonologists (D:12)
  A black draconian zombie (Crypt:1)
  6 small abominations
  7 komodo dragons
  A tengu conjurer (D:15)
  An efreet (Abyss:2)
  An iron troll zombie (Crypt:3)
  22 merfolk
  A polar bear (Lair:4)
  2 ice devils (D:12)
  43 guardian mummies
  3 hornets
  10 trolls
  2 tyrant leeches (Lair:6)
  3 meliai (D:13)
  2 harpy skeletons
  47 saltlings (Desolation)
  10 wind drakes
  21 blink frogs
  2 bog bodies
  Grinder (D:3)
  14 slime creatures
  A hydra skeleton (Crypt:3)
  A hippogriff (shapeshifter) (Vaults:1)
  10 hippogriffs
  A meliai zombie (D:15)
  6 snapping turtles
  An alligator skeleton (Crypt:3)
  10 dream sheep
  18 flying skulls
  An ettin skeleton (Tomb:2)
  An ice dragon skeleton (Crypt:3)
  A spriggan (D:13)
  3 vampires
  11 ushabtiu
  6 water elementals
  2 shadows (D:15)
  A wyvern (shapeshifter) (Vaults:1)
  A wind drake zombie (Crypt:1)
  8 wraiths
  37 yaks
  5 basilisks
  4 wyverns
  A fire elemental (D:12)
  A golden eye (shapeshifter) (Vaults:5)
  A neqoxec (Abyss:2)
  16 vampire mosquitoes
  An acid dragon (Vaults:1)
  62 nagas
  13 wargs
  A faun zombie (Crypt:1)
  3 hell hounds (D:12)
  17 water moccasins
  11 porcupines
  2 slaves (D:6)
  2 phantoms
  10 ice beasts
  58 orc warriors
  3 sky beasts
  3 necrophages
  4 black bears
  2 eyes of draining
  A manticore zombie (Crypt:3)
  6 wolves (Lair:3)
  3 boggarts (Vaults:3)
  48 ogres
  7 centaurs
  12 crocodiles
  3 big kobolds
  22 bullfrogs
  An elf zombie (Crypt:3)
  A hippogriff skeleton (Crypt:1)
  A wyvern zombie (D:12)
  An elephant simulacrum (IceCv)
  12 killer bees
  A vampire bat (D:12)
  7 wights (D:15)
  A spriggan skeleton (Crypt:3)
  5 electric eels
  11 crimson imps
  2 starcursed masses (Abyss:2)
  6 draconian simulacra (IceCv)
  2 bullfrog zombies
  A quasit (Abyss:2)
  2 centaur zombies
  34 orc priests
  2 hounds
  2 human zombies (D:15)
  7 jellies
  A bullfrog skeleton (D:13)
  25 orc wizards
  3 human skeletons
  Natasha (thrice) (D:3)
  2 iguanas
  11 worker ants
  A spriggan simulacrum (IceCv)
  6 troll simulacra (IceCv)
  A polar bear simulacrum (IceCv)
  2 wolf simulacra (IceCv)
  3 centaur simulacra (IceCv)
  A hound zombie (D:5)
  A hound skeleton (D:6)
  36 mummies
  2 worker ant zombies
  Robin (D:2)
  9 gnolls
  2 ogre simulacra (IceCv)
  14 adders
  2 naga simulacra (IceCv)
  3 shadow imps
  12 white imps (IceCv)
  An adder skeleton (D:7)
  A dart slug (D:1)
  2 worms (D:3)
  5 leopard geckos
  119 orcs
  17 bats
  5 giant cockroaches
  12 goblins
  10 hobgoblins
  13 jackals
  10 quokkas
  6 frilled lizards
  A jackal skeleton (D:6)
  15 kobolds
  2 orc skeletons (D:15)
  A quokka skeleton (Crypt:3)
  8 rats
  3 crawling corpses (Vaults:5)
  7 fungi
  13 plants
1975 creatures vanquished.

Vanquished Creatures (collateral kills)
  An imperial myrmidon (Desolation)
  A guardian serpent (Desolation)
  A saltling (Desolation)
  A crimson imp (D:10)
4 creatures vanquished.

Vanquished Creatures (others)
  A titan (Vaults:5)
  2 merfolk javelineers (Shoals:3)
  A vault guard (Vaults:5)
  A naga warrior (Snake:4)
  A satyr (Shoals:4)
  A naga sharpshooter (Snake:2)
  A shadow wraith (Vaults:5)
  A golden dragon zombie (Tomb:2)
  A cyclops (Shoals:2)
  3 naga magi
  3 guardian mummies
  A large abomination (Abyss:2)
  A saltling (Desolation)
  A snapping turtle (Shoals:3)
  4 flying skulls (Tomb:3)
  A fire bat (Abyss:2)
  A naga (Snake:1)
  2 orc warriors
  2 small abominations (Abyss:2)
  A mummy (Tomb:2)
  A ball lightning (Tomb:2)
  An orc (Orc:1)
  26 plants
  2 starspawn tentacles (Abyss:2)
  A withered plant (D:9)
61 creatures vanquished.

Grand Total: 2040 creatures vanquished

Notes
Turn   | Place    | Note
-------+----------+-------------------------------------------
     0 | D:1      | Irenicus the Deep Dwarf Monk began the quest for the Orb.
     0 | D:1      | Reached XP level 1. HP: 20/20 MP: 1/1
   188 | D:1      | Irenicus: ?? sling bullet
   188 | D:1      | beem: ammunition[1/1]: Damage: stones 2, sling bullets
                  | 4(only when used in a sling, don't throw), tomahawks 6,
                  | javelins 10, large rocks 20. Other ammo has no base damage.
   208 | D:1      | Reached skill level 3 in Fighting
   208 | D:1      | Reached XP level 2. HP: 25/28 MP: 2/2
   297 | D:1      | Reached skill level 4 in Axes
   817 | D:2      | Reached XP level 3. HP: 20/34 MP: 3/3
   895 | D:2      | Noticed Robin
   912 | D:2      | HP: 6/34 [hobgoblin/club[Robin] (7)]
   946 | D:2      | HP: 8/34 [Robin/short sword (3)]
   953 | D:2      | Killed Robin
   953 | D:2      | Reached skill level 5 in Axes
  1033 | D:2      | Reached XP level 4. HP: 33/42 MP: 2/2
  1316 | D:3      | HP: 8/42 [orc/flail (6)]
  1320 | D:3      | Reached skill level 6 in Axes
  1517 | D:3      | Reached XP level 5. HP: 27/49 MP: 3/3
  1538 | D:3      | Noticed Natasha
  1548 | D:3      | HP: 12/49 [Natasha/magic dart (2)]
  1555 | D:3      | Killed Natasha
  1626 | D:3      | Found a faded altar of an unknown god.
  1650 | D:3      | Noticed Grinder
  1717 | D:3      | Gained mutation: You expend magic power (3 MP) to
                  | strengthen your wands. [potion of mutation]
  1717 | D:3      | Gained mutation: You are partially covered in slimy green
                  | scales. (AC +2) [potion of mutation]
  1717 | D:3      | Gained mutation: Your movements are slightly less
                  | encumbered by armour. (ER -2) [potion of mutation]
  1736 | D:3      | HP: 7/49 [orc priest/divine providence (10)]
  1747 | D:3      | Reached skill level 7 in Axes
  1772 | D:3      | Paralysed by Grinder for 3 turns
  1779 | D:3      | Paralysed by Grinder for 4 turns
  1782 | D:3      | HP: 11/49 [Grinder (3)]
  1787 | D:3      | Paralysed by Grinder for 4 turns
  1792 | D:3      | HP: 10/73 [Grinder (1)]
  1794 | D:3      | Paralysed by Grinder for 6 turns
  1806 | D:3      | HP: 7/73 [Grinder (3)]
  1813 | D:3      | Paralysed by Grinder for 5 turns
  1819 | D:3      | Killed Grinder
  1819 | D:3      | Reached skill level 8 in Axes
  1819 | D:3      | Reached XP level 6. HP: 36/56 MP: 4/4
  1833 | D:3      | Noticed Natasha
  1850 | D:3      | Killed Natasha
  2015 | D:4      | Reached XP level 7. HP: 48/62 MP: 5/5
  2166 | D:4      | HP: 1/62 [ogre/giant spiked club (21)]
  2167 | D:4      | Reached skill level 9 in Axes
  2167 | D:4      | Reached skill level 1 in Armour
  2454 | D:4      | Reached skill level 2 in Armour
  2629 | D:3      | Noticed Natasha
  2632 | D:3      | Killed Natasha
  2785 | D:5      | Entered Level 5 of the Dungeon
  2891 | D:5      | Reached skill level 3 in Armour
  2910 | D:5      | Reached XP level 8. HP: 41/69 MP: 6/6
  2914 | D:5      | Reached skill level 10 in Axes
  3020 | D:5      | Got a pair of bloodstained boots
  3026 | D:5      | Identified the +0 pair of boots of Follow the Leader {Str+2
                  | Slay+4 Stlth-} (You found it on level 5 of the Dungeon)
  3156 | D:5      | Reached skill level 1 in Evocations
  3262 | D:6      | Reached skill level 2 in Evocations
  3263 | D:6      | Found a staircase to the Ecumenical Temple.
  3275 | Temple   | Entered the Ecumenical Temple
  3286 | Temple   | Became a worshipper of Makhleb the Destroyer
  3286 | Temple   | Reached * piety under Makhleb
  3286 | Temple   | Reached ** piety under Makhleb
  3360 | D:6      | Learned a level 2 spell: Passwall
  3368 | D:6      | Reached skill level 3 in Evocations
  3473 | D:6      | Reached skill level 1 in Earth Magic
  3473 | D:6      | Reached skill level 4 in Evocations
  3541 | D:6      | Reached skill level 2 in Earth Magic
  3546 | D:6      | Reached skill level 1 in Spellcasting
  3546 | D:6      | Reached skill level 1 in Transmutations
  3644 | D:6      | Reached skill level 3 in Earth Magic
  3676 | D:6      | Reached skill level 2 in Transmutations
  3698 | D:6      | Noticed Pikel
  3720 | D:6      | Killed Pikel
  3720 | D:6      | Reached skill level 2 in Spellcasting
  3720 | D:6      | Reached skill level 4 in Earth Magic
  3720 | D:6      | Gained mutation: You passively map the area around you.
                  | [Deep Dwarf growth]
  3720 | D:6      | Reached XP level 9. HP: 46/75 MP: 10/10
  3821 | D:7      | Reached skill level 3 in Transmutations
  3831 | D:7      | Reached skill level 5 in Earth Magic
  3919 | D:7      | Found a sparkling altar of Nemelex Xobeh.
  4112 | D:7      | Found the +3 warlock's mirror {reflect}
  4152 | D:7      | HP: 14/75 [large slime creature (28)]
  4158 | D:7      | Irenicus: ?? warlock mirror
  4158 | D:7      | beem: warlock mirror ~ Warlock's Mirror[1/3]: A +3 buckler
                  | of reflection that allows you to reflect piercing effects
                  | and enchantments, among other things. Extra fun with
                  | anything that boosts your SH beyond what the buckler gets
                  | you!
  4210 | D:7      | Learned a level 2 spell: Blink
  4290 | D:7      | Reached skill level 3 in Spellcasting
  4321 | D:7      | Noticed a deep elf mage
  4326 | D:7      | Killed a deep elf mage
  4326 | D:7      | Reached skill level 4 in Shields
  4328 | D:7      | Found a white marble altar of Elyvilon.
  4414 | D:7      | Learned a level 1 spell: Apportation
  4467 | D:8      | Reached skill level 5 in Evocations
  4484 | D:8      | Learned a level 1 spell: Animate Skeleton
  4490 | D:8      | Reached skill level 6 in Evocations
  4491 | D:8      | Found a staircase to the Lair.
  4500 | D:8      | Noticed Joseph
  4513 | D:8      | Killed Joseph
  4513 | D:8      | Reached skill level 7 in Evocations
  4557 | D:8      | Reached skill level 8 in Evocations
  4572 | D:8      | Reached XP level 10. HP: 53/84 MP: 14/14
  4612 | D:8      | Reached *** piety under Makhleb
  4629 | D:8      | Reached skill level 11 in Axes
  4641 | D:8      | Reached skill level 4 in Dodging
  4898 | D:9      | Found an iron altar of Okawaru.
  4900 | D:9      | Found a blossoming altar of Fedhas.
  4901 | D:9      | Found a glowing golden altar of the Shining One.
  4909 | D:9      | Found a shadowy altar of Dithmenos.
  4913 | D:9      | Found a shimmering altar of Xom.
  4954 | D:9      | Reached skill level 5 in Dodging
  4963 | D:9      | Found a radiant altar of Vehumet.
  5070 | D:9      | Reached skill level 12 in Axes
  5226 | D:9      | Found a runed gate.
  5227 | D:9      | Found a runed gate.
  5227 | D:9      | Found a runed gate.
  5229 | D:9      | Noticed Caim's ghost (novice CeAM)
  5232 | D:9      | Noticed Anon1729's ghost (journeyman NaGl)
  5299 | D:10     | Entered Level 10 of the Dungeon
  5322 | D:10     | Noticed a two-headed ogre
  5336 | D:10     | Reached skill level 1 in Translocations
  5346 | D:10     | Killed a two-headed ogre
  5346 | D:10     | Reached skill level 3 in Translocations
  5384 | D:10     | Noticed a gargoyle
  5391 | D:10     | Reached skill level 6 in Dodging
  5391 | D:10     | Reached skill level 4 in Translocations
  5393 | D:10     | Killed a gargoyle
  5400 | D:10     | Reached skill level 5 in Translocations
  5401 | D:10     | Reached **** piety under Makhleb
  5404 | D:10     | Reached skill level 1 in Necromancy
  5424 | D:10     | Found Ygum's Book Emporium.
  5505 | D:10     | Reached skill level 2 in Necromancy
  5505 | D:10     | Reached XP level 11. HP: 69/90 MP: 15/15
  5642 | D:10     | Reached skill level 7 in Dodging
  5655 | D:10     | Reached skill level 3 in Necromancy
  5896 | D:11     | Found Xoboc's Weapon Emporium.
  5953 | D:11     | Noticed a purple ugly thing
  5974 | D:11     | Killed a purple ugly thing
  5974 | D:11     | Reached skill level 8 in Dodging
  6110 | D:11     | Found Mekh's Assorted Antiques.
  6157 | D:11     | Bought a scroll labeled GAORCH JOVO for 28 gold pieces
  6167 | D:11     | Noticed an unseen horror
  6180 | D:11     | Killed an unseen horror
  6260 | D:12     | Noticed a two-headed ogre
  6263 | D:12     | Found a staircase to the Orcish Mines.
  6276 | D:12     | Killed a two-headed ogre
  6358 | D:12     | Noticed a purple ugly thing
  6359 | D:12     | Reached skill level 9 in Dodging
  6371 | D:12     | Killed a purple ugly thing
  6380 | D:12     | Noticed Fannar
  6408 | D:12     | Killed Fannar
  6408 | D:12     | Reached skill level 13 in Axes
  6503 | D:12     | Noticed Azrael
  6514 | D:12     | HP: 12/90 [Azrael/damnation (33)]
  6525 | D:12     | Killed Azrael
  6525 | D:12     | Reached skill level 10 in Dodging
  6533 | D:12     | Reached ***** piety under Makhleb
  6599 | D:12     | Noticed a two-headed ogre
  6608 | D:12     | Killed a two-headed ogre
  6632 | D:12     | Noticed a two-headed ogre
  6644 | D:12     | Killed a two-headed ogre
  6644 | D:12     | Reached XP level 12. HP: 94/97 MP: 16/16
  6663 | D:12     | Found a frozen archway.
  6683 | IceCv    | Entered an ice cave
  6758 | IceCv    | Reached skill level 14 in Axes
  6784 | IceCv    | Reached skill level 11 in Dodging
  6983 | IceCv    | Found an ancient bone altar of Kikubaaqudgha.
  7003 | IceCv    | Reached skill level 15 in Axes
  7213 | D:12     | Noticed Frances
  7235 | D:12     | Killed Frances
  7295 | Orc:1    | Entered Level 1 of the Orcish Mines
  7306 | Orc:1    | Reached ****** piety under Makhleb
  7332 | Orc:1    | Irenicus: ?? poison
  7332 | Orc:1    | beem: poison[1/2]: A condition which reduces HP each turn.
                  | The HP bar is colored to show how much HP you will lose
                  | total. Press @ to see how much hp you will have left.
  7332 | Orc:1    | Irenicus: ?? poison [2
  7332 | Orc:1    | beem: poison[2/2]: Monster's level of poisonedness = P. [If
                  | 50% chance: dam = 1d(P+1)]. [If P>=4: dam += 1]. [If vuln
                  | poison: dam += 2dP -1]. So on average: Dam = (P+1)/4 + 1
                  | for max poison. If vuln: (P+1)/4 + P-1.
  7482 | Orc:1    | Reached skill level 4 in Fighting
  7482 | Orc:1    | Reached skill level 16 in Axes
  7493 | Orc:1    | Noticed an orc warlord
  7544 | Orc:1    | Killed an orc warlord
  7544 | Orc:1    | Reached skill level 5 in Fighting
  7544 | Orc:1    | Reached XP level 13. HP: 92/109 MP: 10/16
  7566 | Orc:1    | Noticed an orc warlord
  7573 | Orc:1    | HP: 24/110 [orc warrior/halberd[an orc warlord] (15)]
  7596 | Orc:1    | Noticed an orc warlord
  7609 | Orc:1    | Killed an orc warlord
  7616 | Orc:1    | Killed an orc warlord
  7616 | Orc:1    | Reached skill level 6 in Fighting
  7616 | Orc:1    | Reached skill level 12 in Dodging
  7668 | Orc:1    | Got a smoking rapier {venom}
  7669 | Orc:1    | Identified the +9 rapier of Mourning {venom, Fragile rN+++
                  | Dex+7} (You found it on level 1 of the Orcish Mines)
  7929 | Orc:2    | Entered Level 2 of the Orcish Mines
  8104 | Orc:2    | Reached skill level 7 in Fighting
  8329 | Orc:2    | Noticed a stone giant
  8348 | Orc:2    | Killed a stone giant
  8470 | Orc:2    | Got a distressingly furry ring mail
  8482 | Orc:2    | Identified the +1 ring mail "Cigionikh" {-Tele rPois
                  | Regen+} (You found it on level 2 of the Orcish Mines)
  8553 | Orc:2    | Reached skill level 13 in Dodging
  8557 | Orc:2    | Noticed Saint Roka
  8595 | Orc:2    | Killed Saint Roka
  8595 | Orc:2    | Reached skill level 8 in Fighting
  8626 | Orc:2    | Found Voasod's Jewellery Emporium.
  8655 | Orc:2    | Found a roughly hewn altar of Beogh.
  8736 | Orc:2    | Gained mutation: You resist negative energy. (rN+) [Deep
                  | Dwarf growth]
  8736 | Orc:2    | Reached XP level 14. HP: 94/127 MP: 17/17
  8737 | Orc:2    | Found Ecixt's Antique Armour Shop.
  8748 | Orc:2    | Bought a bloodstained ring mail for 279 gold pieces
  8758 | Orc:2    | Identified the +5 ring mail of Liyteoz {+Inv Str+9 Int-5
                  | Dex-4} (You bought it in a shop on level 2 of the Orcish
                  | Mines)
  8957 | Orc:2    | Reached skill level 9 in Fighting
  9010 | Orc:2    | Found a staircase to the Elven Halls.
  9134 | Orc:2    | Found a roughly hewn altar of Beogh.
  9175 | Orc:2    | Reached skill level 14 in Dodging
  9265 | Orc:2    | Found Ryong's Magic Scroll Emporium.
  9283 | Orc:2    | Bought a scroll of enchant weapon for 97 gold pieces
  9283 | Orc:2    | Bought a scroll of holy word for 97 gold pieces
  9283 | Orc:2    | Bought a scroll of immolation for 45 gold pieces
  9283 | Orc:2    | Bought a scroll of immolation for 45 gold pieces
  9283 | Orc:2    | Bought a scroll of teleportation for 39 gold pieces
  9283 | Orc:2    | Bought a scroll of remove curse for 39 gold pieces
  9289 | Orc:2    | Found Carhow's General Store.
  9583 | D:10     | Bought a book of the Earth for 910 gold pieces
  9590 | D:10     | Learned a level 6 spell: Statue Form
  9651 | D:9      | Killed Caim's ghost
  9654 | D:9      | Killed Anon1729's ghost
  9736 | Lair:1   | Entered Level 1 of the Lair of Beasts
 10020 | Lair:4   | Reached skill level 6 in Earth Magic
 10030 | Lair:4   | Reached skill level 4 in Transmutations
 10180 | Lair:4   | Reached skill level 10 in Fighting
 10295 | Lair:4   | Found a staircase to the Snake Pit.
 10449 | Lair:5   | Reached skill level 7 in Earth Magic
 10475 | Lair:5   | Learned a level 5 spell: Aura of Abjuration
 10585 | Lair:5   | Reached skill level 5 in Transmutations
 10686 | Lair:5   | Reached skill level 8 in Earth Magic
 10748 | Lair:5   | Found a staircase to the Slime Pits.
 10967 | Lair:6   | Entered Level 6 of the Lair of Beasts
 11024 | Lair:6   | Reached skill level 6 in Transmutations
 11032 | Lair:6   | Reached skill level 9 in Earth Magic
 11232 | Lair:6   | Reached XP level 15. HP: 129/138 MP: 18/18
 11235 | Lair:6   | Reached skill level 10 in Earth Magic
 11237 | Lair:6   | Reached skill level 7 in Transmutations
 11266 | Lair:6   | Got a scintillating bronze ring
 11268 | Lair:6   | Identified the ring of Bongup Fatu {rPois rF- Str+5 SInv}
                  | (You found it on level 6 of the Lair of Beasts)
 11525 | Lair:6   | Reached skill level 1 in Summonings
 11536 | Lair:6   | Reached skill level 2 in Summonings
 11543 | Lair:6   | Reached skill level 3 in Summonings
 11549 | Lair:6   | Reached skill level 4 in Summonings
 11590 | Lair:6   | Found a basalt altar of Yredelemnul.
 11630 | Lair:6   | Reached skill level 5 in Summonings
 11891 | Lair:3   | Reached skill level 6 in Summonings
 12027 | Lair:3   | Found a staircase to the Shoals.
 12044 | Lair:3   | Reached skill level 7 in Summonings
 12232 | Lair:3   | Noticed Nergalle
 12243 | Lair:3   | Killed Nergalle
 12278 | Shoals:1 | Entered Level 1 of the Shoals
 12315 | Shoals:1 | HP: 22/138 [water nymph/the raging water (26)]
 12316 | Shoals:1 | HP: 10/138 [water nymph/the raging water (25)]
 12333 | Shoals:1 | Reached skill level 8 in Summonings
 12437 | Shoals:1 | Reached skill level 9 in Summonings
 12456 | Shoals:1 | Found Zoshredorph's Magic Scroll Boutique.
 12481 | Shoals:1 | Bought a scroll of enchant armour for 75 gold pieces
 12505 | Shoals:1 | Reached skill level 10 in Summonings
 12548 | Shoals:1 | Found a runed gate.
 12548 | Shoals:1 | Found a runed gate.
 12548 | Shoals:1 | Found a runed gate.
 12555 | Shoals:1 | Noticed Curus's ghost (adept DsGl)
 12620 | Shoals:1 | Got an encrusted chain mail
 12627 | Shoals:1 | Found Luvas's Assorted Antiques.
 12632 | Shoals:1 | HP: 19/138 [alligator snapping turtle (29)]
 12641 | Shoals:1 | Found Duodd's Weapon Shop.
 12647 | Shoals:1 | Bought an orange potion for 35 gold pieces
 12672 | Shoals:1 | HP: 15/138 [manticore (20)]
 12674 | Shoals:1 | Reached skill level 11 in Summonings
 12755 | Shoals:1 | Bought a scroll of identify for 20 gold pieces
 12755 | Shoals:1 | Identified the +3 chain mail of Coss {rPois rN+ Str+4} (You
                  | found it on level 1 of the Shoals)
 12757 | Shoals:1 | Bought a scroll of brand weapon for 200 gold pieces
 12780 | Shoals:1 | Found Areos's Gadget Shoppe.
 12976 | Shoals:2 | Reached skill level 11 in Earth Magic
 13188 | Shoals:2 | Reached skill level 8 in Transmutations
 13284 | Shoals:3 | Found Defud's Armour Shoppe.
 13316 | Shoals:3 | Reached XP level 16. HP: 89/146 MP: 6/18
 13328 | Shoals:3 | Reached skill level 12 in Earth Magic
 13463 | Shoals:3 | Reached skill level 9 in Transmutations
 13543 | Shoals:4 | Entered Level 4 of the Shoals
 13543 | Shoals:4 | Found Yfacleq's General Store.
 13555 | Shoals:4 | HP: 36/146 [merfolk/trident (10)]
 13642 | Shoals:4 | Reached skill level 13 in Earth Magic
 13698 | Shoals:4 | Found Anusuji's Book Shop.
 13798 | Shoals:4 | Reached skill level 10 in Transmutations
 13810 | Shoals:4 | Got a barnacled rune of Zot
 13891 | Shoals:4 | Found Beutt's General Store.
 13925 | Shoals:4 | Reached skill level 14 in Earth Magic
 14135 | Shoals:4 | Found Nuot's Antique Weapon Boutique.
 14138 | Shoals:4 | Found Yclaulid's Food Shoppe.
 14156 | Shoals:4 | Bought a glowing broad axe for 273 gold pieces
 14220 | Shoals:3 | Identified a scroll of acquirement
 14579 | Snake:1  | Entered Level 1 of the Snake Pit
 14596 | Snake:1  | Reached skill level 17 in Axes
 14700 | Snake:1  | Reached XP level 17. HP: 153/153 MP: 19/19
 14718 | Snake:1  | Reached skill level 15 in Earth Magic
 14742 | Snake:1  | Found Niotuqio's Food Boutique.
 14923 | Snake:2  | Found Xezopim's Gadget Emporium.
 14932 | Snake:2  | Found Xopiach's Assorted Antiques.
 14935 | Snake:2  | Bought a pink potion for 25 gold pieces
 14983 | Snake:2  | Reached skill level 16 in Earth Magic
 15164 | Snake:2  | Reached skill level 17 in Earth Magic
 15381 | Snake:4  | Entered Level 4 of the Snake Pit
 15461 | Snake:4  | Reached skill level 18 in Earth Magic
 15505 | Snake:4  | Reached skill level 19 in Earth Magic
 15537 | Snake:4  | Reached skill level 20 in Earth Magic
 15537 | Snake:4  | Gained mutation: You passively map a large area around you.
                  | [Deep Dwarf growth]
 15537 | Snake:4  | Reached XP level 18. HP: 160/160 MP: 20/20
 15618 | Snake:4  | Got a serpentine rune of Zot
 16115 | Snake:3  | Reached skill level 18 in Axes
 16427 | Snake:2  | Bought a scroll of identify for 56 gold pieces
 16427 | Snake:2  | Bought a scroll of identify for 56 gold pieces
 16427 | Snake:2  | Bought a brass wand for 112 gold pieces
 16473 | Snake:2  | Reached skill level 4 in Spellcasting
 16699 | Snake:1  | Reached skill level 5 in Spellcasting
 17149 | Lair:2   | Identified the +2 hat of Purpose {rPois Str+2 Int+4} (You
                  | found it on level 2 of the Lair of Beasts)
 17524 | Lair:1   | Reached skill level 6 in Spellcasting
 17537 | Lair:1   | Found a runed gate.
 17537 | Lair:1   | Found a runed gate.
 17537 | Lair:1   | Found a runed gate.
 17544 | Lair:1   | Noticed Tommers's ghost (journeyman OgWz)
 17572 | Lair:1   | Killed Tommers's ghost
 18049 | D:13     | Reached skill level 7 in Spellcasting
 18299 | D:14     | Found a gate to the Vaults.
 18357 | D:14     | Found a blossoming altar of Fedhas.
 18500 | D:14     | Reached skill level 8 in Spellcasting
 18669 | D:15     | Entered Level 15 of the Dungeon
 18803 | D:15     | Reached skill level 9 in Spellcasting
 19058 | D:15     | Found a staircase to the Depths.
 19073 | D:15     | Reached XP level 19. HP: 169/169 MP: 28/28
 19185 | D:15     | Got a distressingly furry helmet
 19196 | D:15     | Identified the cursed -7 helmet "Zyuge" {rPois Str-4 Dex+6}
                  | (You found it on level 15 of the Dungeon)
 19290 | D:15     | Found a basalt altar of Yredelemnul.
 19394 | Vaults:1 | Entered Level 1 of the Vaults
 19480 | Vaults:1 | Found a runed door.
 19480 | Vaults:1 | Noticed Xiraoc's ghost (adept MfGl)
 19513 | Vaults:1 | Killed Xiraoc's ghost
 19520 | Vaults:1 | Reached skill level 15 in Dodging
 19533 | Vaults:1 | Identified Further Steps in Sorcery
 19562 | Vaults:1 | Reached skill level 11 in Fighting
 20262 | Vaults:3 | Found Zuuda's Magic Scroll Emporium.
 20269 | Vaults:3 | Found a ruined gateway.
 20278 | Desolati | Entered the Desolation of Salt
 20387 | Desolati | Identified the Reference Book on Stones
 20397 | Desolati | Learned a level 5 spell: Borgnjor's Vile Clutch
 20397 | Desolati | Identified the Collected Works on Floating Curses
 20403 | Desolati | Got a brightly glowing platinum ring
 20405 | Desolati | Identified the ring "Buenom" {rCorr rPois rN+ Str-4} (You
                  | found it in the Desolation of Salt)
 20413 | Desolati | Identified the +2 pair of boots of Ytroder {rN+} (You found
                  | it in the Desolation of Salt)
 20507 | Desolati | Reached skill level 12 in Fighting
 20507 | Desolati | Reached skill level 16 in Dodging
 20520 | Desolati | Identified the Handbook of the Helpful Volcanoes
 20524 | Desolati | Got a smoking ruby amulet
 20526 | Desolati | Identified the amulet of Yredelemnul's Esteem {Harm *Drain
                  | MR+} (You found it in the Desolation of Salt)
 21186 | Vaults:5 | Entered Level 5 of the Vaults
 21196 | Vaults:5 | Noticed Jory
 21204 | Vaults:5 | Reached XP level 20. HP: 89/186 MP: 29/29
 21218 | Vaults:5 | Reached skill level 13 in Fighting
 21219 | Vaults:5 | Reached skill level 17 in Dodging
 21244 | Vaults:5 | Noticed a golden dragon
 21251 | Vaults:5 | Killed Jory
 21272 | Vaults:5 | Killed a golden dragon
 21409 | Vaults:5 | Reached skill level 14 in Fighting
 21437 | Vaults:5 | Noticed a golden dragon
 21447 | Vaults:5 | Reached skill level 18 in Dodging
 21453 | Vaults:5 | Killed a golden dragon
 21461 | Vaults:5 | Noticed a golden dragon
 21474 | Vaults:5 | Killed a golden dragon
 21497 | Vaults:5 | Got a flickering wooden ring
 21499 | Vaults:5 | Identified the ring "Sist" {*Tele MR+} (You found it on
                  | level 5 of the Vaults)
 21574 | Vaults:5 | HP: 25/190 [storm dragon/bolt of lightning (24)]
 21621 | Vaults:5 | HP: 45/192 [hell knight/enchanted glaive (13)]
 21625 | Vaults:5 | HP: 20/192 [iron dragon (17)]
 21630 | Vaults:5 | HP: 18/192 [storm dragon (10)]
 21636 | Vaults:5 | HP: 43/192 [hell knight/enchanted glaive (21)]
 21641 | Vaults:5 | HP: 29/192 [storm dragon (14)]
 21652 | Vaults:5 | Irenicus: ?? statue
 21652 | Vaults:5 | beem: statue[1/3]: Dangerous statues are {obsidian statue},
                  | {orange crystal statue}, {ice statue}, and {Roxanne}. There
                  | are also some dangerous vault-defined statues. Others are
                  | just decoration, but generally indicate something of mild
                  | or more interest. Reperesented by an 8, as golems are,
                  | except statues don't move.
 21652 | Vaults:5 | Irenicus: ?? statue form
 21652 | Vaults:5 | beem: statue form[1/2]: Grants 17 + pow/10 AC, +30% HP.
                  | Makes you take 50% more time to take any action, like the
                  | slow spell. Melds gloves, boots, bardings, and body armour.
                  | Provides rElec, rN+, 50% rTorm, rRot+, and poison immunity.
                  | 12 + unarmed_skill base unarmed damage and 50% bonus on all
                  | melee. Gargoyles can't cast this spell.
 21654 | Vaults:5 | HP: 28/192 [vault warden/dire flail of protection (24)]
 21692 | Vaults:5 | HP: 45/192 [deep troll (8)]
 21739 | Vaults:5 | Got a silver rune of Zot
 21833 | Vaults:5 | Cast into level 2 of the Abyss (a deep elf demonologist)
 21844 | Abyss:2  | Found a corrupted altar of Lugonu.
 22108 | Abyss:2  | Reached XP level 21. HP: 137/140 MP: 28/28
 22315 | Abyss:2  | Irenicus: ophan
 22315 | Abyss:2  | Irenicus: ?? ophan
 22315 | Abyss:2  | beem: ophan[1/3]: Casts bolt of fire and creates holy flame
                  | clouds around you (but not under you).
 22327 | Abyss:2  | Reached skill level 15 in Fighting
 22375 | Abyss:2  | Reached skill level 19 in Dodging
 22391 | Vaults:5 | Escaped the Abyss
 22900 | Vaults:4 | Noticed Boris
 22912 | Vaults:4 | Reached skill level 16 in Fighting
 22919 | Vaults:4 | Killed Boris
 22919 | Vaults:4 | Reached skill level 20 in Dodging
 23104 | Vaults:3 | Found a staircase to the Crypt.
 23104 | Vaults:3 | Found an ancient bone altar of Kikubaaqudgha.
 23105 | Vaults:3 | Found a basalt altar of Yredelemnul.
 23111 | Crypt:1  | Entered Level 1 of the Crypt
 23410 | Crypt:3  | Entered Level 3 of the Crypt
 23509 | Crypt:3  | Found a staircase to the Tomb.
 23601 | Crypt:3  | Reached skill level 19 in Axes
 23658 | Crypt:3  | Reached XP level 22. HP: 213/213 MP: 29/29
 23830 | Crypt:3  | Reached skill level 20 in Axes
 23893 | Crypt:3  | Found a basalt altar of Yredelemnul.
 23929 | Crypt:3  | Noticed an ancient lich
 23945 | Crypt:3  | Killed an ancient lich
 23955 | Crypt:3  | Found the +8 demon blade "Bloodbane" {slice, *Rage +Rage
                  | Stlth-}
 24147 | Tomb:1   | Entered Level 1 of the Tomb of the Ancients
 24256 | Tomb:1   | Reached skill level 21 in Axes
 24283 | Tomb:1   | Noticed a greater mummy
 24293 | Tomb:1   | Killed a greater mummy
 24494 | Tomb:1   | HP: 69/276 [torment (4)]
 24508 | Tomb:1   | Noticed a greater mummy
 24511 | Tomb:1   | HP: 69/276 [ice devil[a greater mummy] (3)]
 24521 | Tomb:1   | HP: 55/276 [??? (8)]
 24524 | Tomb:1   | Killed a greater mummy
 24524 | Tomb:1   | Reached skill level 22 in Axes
 24646 | Tomb:2   | Noticed a greater mummy
 24648 | Tomb:2   | Noticed a greater mummy
 24649 | Tomb:2   | Noticed a greater mummy
 24652 | Tomb:2   | Noticed a greater mummy
 24652 | Tomb:2   | Noticed an ancient lich
 24661 | Tomb:2   | HP: 57/276 [greater mummy (17)]
 24666 | Tomb:2   | HP: 68/276 [cloud of flame (1)]
 24679 | Tomb:2   | Killed a greater mummy
 24683 | Tomb:2   | Killed a greater mummy
 24683 | Tomb:2   | Reached XP level 23. HP: 122/220 MP: 3/30
 24685 | Tomb:2   | Killed an ancient lich
 24691 | Tomb:2   | HP: 62/286 [greater mummy/divine providence (13)]
 24696 | Tomb:2   | HP: 59/286 [??? (5)]
 24701 | Tomb:2   | Killed a greater mummy
 24701 | Tomb:2   | Reached skill level 23 in Axes
 24701 | Tomb:2   | HP: 53/286 [greater mummy/divine providence (10)]
 24704 | Tomb:2   | Killed a greater mummy
 24755 | Tomb:2   | HP: 52/220 [the power of Zot (5)]
 24761 | Tomb:2   | HP: 51/286 [bennu (14)]
 24916 | Tomb:1   | Noticed a greater mummy
 24930 | Tomb:1   | Killed a greater mummy
 24930 | Tomb:1   | Reached skill level 2 in Invocations
 24938 | Tomb:1   | Noticed a greater mummy
 24951 | Tomb:1   | Noticed a greater mummy
 24952 | Tomb:1   | Killed a greater mummy
 24952 | Tomb:1   | Reached skill level 3 in Invocations
 24963 | Tomb:1   | Killed a greater mummy
 24963 | Tomb:1   | Reached skill level 4 in Invocations
 24965 | Tomb:1   | Noticed a greater mummy
 24971 | Tomb:1   | HP: 69/286 [greater mummy/divine providence (16)]
 24976 | Tomb:1   | Killed a greater mummy
 24976 | Tomb:1   | Reached skill level 5 in Invocations
 24982 | Tomb:1   | Noticed a greater mummy
 24989 | Tomb:1   | Noticed a greater mummy
 24993 | Tomb:1   | HP: 70/286 [greater mummy (10)]
 24996 | Tomb:1   | Killed a greater mummy
 25001 | Tomb:1   | Killed a greater mummy
 25001 | Tomb:1   | Reached skill level 6 in Invocations
 25017 | Tomb:1   | Noticed a greater mummy
 25023 | Tomb:1   | HP: 71/286 [??? (13)]
 25028 | Tomb:1   | HP: 68/286 [freezing wraith[a greater mummy] (3)]
 25034 | Tomb:1   | HP: 42/286 [??? (5)]
 25039 | Tomb:1   | Killed a greater mummy
 25060 | Tomb:1   | Noticed a greater mummy
 25068 | Tomb:1   | Noticed a greater mummy
 25068 | Tomb:1   | HP: 62/286 [??? (9)]
 25076 | Tomb:1   | HP: 47/286 [??? (7)]
 25079 | Tomb:1   | Killed a greater mummy
 25079 | Tomb:1   | Reached skill level 7 in Invocations
 25083 | Tomb:1   | Killed a greater mummy
 25096 | Tomb:1   | Noticed a greater mummy
 25099 | Tomb:1   | HP: 61/286 [??? (4)]
 25106 | Tomb:1   | HP: 57/286 [greater mummy/divine providence (4)]
 25110 | Tomb:1   | Noticed a greater mummy
 25112 | Tomb:1   | Killed a greater mummy
 25112 | Tomb:1   | Reached skill level 8 in Invocations
 25115 | Tomb:1   | HP: 58/286 [??? (3)]
 25120 | Tomb:1   | HP: 29/286 [greater mummy/divine providence (6)]
 25128 | Tomb:1   | HP: 65/286 [emperor scorpion[a greater mummy] (13)]
 25130 | Tomb:1   | Killed a greater mummy
 25130 | Tomb:1   | Reached skill level 24 in Axes
 25142 | Tomb:1   | Noticed a greater mummy
 25144 | Tomb:1   | Noticed a greater mummy
 25146 | Tomb:1   | HP: 66/286 [greater mummy/divine providence (9)]
 25151 | Tomb:1   | Killed a greater mummy
 25151 | Tomb:1   | Reached skill level 9 in Invocations
 25151 | Tomb:1   | HP: 68/286 [greater mummy/divine providence (8)]
 25155 | Tomb:1   | Killed a greater mummy
 25206 | Tomb:1   | Noticed a greater mummy
 25206 | Tomb:1   | HP: 41/220 [??? (24)]
 25215 | Tomb:1   | HP: 69/286 [greater mummy (9)]
 25221 | Tomb:1   | Killed a greater mummy
 25236 | Tomb:1   | Noticed a greater mummy
 25236 | Tomb:1   | Noticed a greater mummy
 25257 | Tomb:1   | HP: 71/286 [greater mummy (5)]
 25259 | Tomb:1   | Noticed a greater mummy
 25262 | Tomb:1   | HP: 92/429 [greater mummy/divine providence (13)]
 25264 | Tomb:1   | Killed a greater mummy
 25264 | Tomb:1   | Reached skill level 10 in Invocations
 25268 | Tomb:1   | HP: 45/429 [greater mummy/divine providence (11)]
 25271 | Tomb:1   | Killed a greater mummy
 25273 | Tomb:1   | Killed a greater mummy
 25283 | Tomb:1   | Noticed a greater mummy
 25284 | Tomb:1   | HP: 43/286 [??? (3)]
 25288 | Tomb:1   | HP: 21/286 [greater mummy/divine providence (11)]
 25294 | Tomb:1   | HP: 33/286 [??? (3)]
 25311 | Tomb:1   | Reached skill level 11 in Invocations
 25321 | Tomb:1   | HP: 45/219 [death scarab (24)]
 25342 | Tomb:1   | HP: 68/284 [guardian mummy's death curse (17)]
 25342 | Tomb:1   | Reached XP level 24. HP: 71/228 MP: 7/28
 25696 | Tomb:1   | Noticed a greater mummy
 25696 | Tomb:1   | Noticed a greater mummy
 25700 | Tomb:1   | HP: 67/297 [??? (8)]
 25703 | Tomb:1   | HP: 29/297 [greater mummy/divine providence (8)]
 25704 | Tomb:1   | HP: 6/297 [emperor scorpion[a greater mummy] (11)]
 25710 | Tomb:1   | Killed a greater mummy
 25710 | Tomb:1   | HP: 38/297 [greater mummy/exploding inner flame[the player
                  | character] (8)]
 25711 | Tomb:1   | Killed a greater mummy
 25711 | Tomb:1   | Killed a greater mummy
 25711 | Tomb:1   | Reached skill level 12 in Invocations
 25736 | Tomb:1   | Learned a level 2 spell: Sublimation of Blood
 25779 | Tomb:3   | Entered Level 3 of the Tomb of the Ancients
 25789 | Tomb:3   | Noticed a greater mummy
 25792 | Tomb:3   | Noticed a greater mummy
 25795 | Tomb:3   | HP: 72/297 [ancient champion/exploding inner flame[the
                  | player character] (6)]
 25796 | Tomb:3   | Noticed a greater mummy
 25803 | Tomb:3   | HP: 71/297 [greater mummy/divine providence (5)]
 25804 | Tomb:3   | Killed a greater mummy
 25810 | Tomb:3   | Killed a greater mummy
 25811 | Tomb:3   | Noticed a greater mummy
 25812 | Tomb:3   | Noticed an ancient lich
 25812 | Tomb:3   | Killed a greater mummy
 25812 | Tomb:3   | Reached skill level 25 in Axes
 25814 | Tomb:3   | Paralysed by the power of Zot for 3 turns
 25817 | Tomb:3   | HP: 71/300 [greater mummy/divine providence (9)]
 25817 | Tomb:3   | Killed from afar by a Hell Sentinel

Skill      XL: |  1  2  3  4  5  6  7  8  9 10 11 12 13 14 15 16 17 18 19 20 21 22 23 24 |
---------------+-------------------------------------------------------------------------+-----
Fighting       | 3 5 8 10 12 14 16 | 16.7
Axes           | 4 5 6 8 9 10 12 13 16 17 18 19 22 24 25 | 25.0
Armour         | 3 |  3.1
Evocations     | 4 8 |  8.1
Earth Magic    | 4 5 9 11 14 20 | 20.1
Spellcasting   | 2 3 9 |  9.0
Transmutations | 2 3 6 8 10 | 10.4
Shields        | 4 |  4.3
Dodging        | 6 10 11 13 14 16 18 20 | 20.0
Translocations | 5 |  5.0
Necromancy     | 2 3 |  3.1
Summonings     | 11 | 11.7
Invocations    | 11 12 | 12.0
Stealth        | |  2.4

Action                   |  1- 3 |  4- 6 |  7- 9 | 10-12 | 13-15 | 16-18 | 19-21 | 22-24 || total
-------------------------+-------+-------+-------+-------+-------+-------+-------+-------++-------
Melee: Hand axe          |   133 |   185 |   246 |   423 |   665 |     5 |       |       ||  1657
       War axe           |       |       |    27 |   254 |   657 |   286 |       |       ||  1224
       Broad axe         |       |       |       |       |       |  1023 |  1334 |   643 ||  3000
 Fire: Hunting sling     |       |    20 |     7 |       |       |       |       |       ||    27
 Cast: Passwall          |       |       |     1 |    10 |    16 |    45 |     2 |       ||    74
       Animate Skeleton  |       |       |       |     3 |       |     1 |     5 |       ||     9
       Apportation       |       |       |       |     6 |    43 |    55 |    27 |    19 ||   150
       Blink             |       |       |       |     2 |     5 |     1 |     1 |     1 ||    10
       Statue Form       |       |       |       |       |     1 |     2 |    12 |    24 ||    39
       Aura of Abjuratio |       |       |       |       |     1 |       |     8 |    34 ||    43
       Borgnjor's Vile C |       |       |       |       |       |       |       |     1 ||     1
Invok: Minor Destruction |       |       |       |       |     2 |     3 |       |       ||     5
       Lesser Servant of |       |       |       |       |       |     1 |       |     2 ||     3
 Abil: Heal Wounds       |     2 |     6 |     6 |     3 |     2 |       |     2 |    14 ||    35
       Evoke Flight      |       |       |       |       |    11 |     9 |       |       ||    20
       End Transformatio |       |       |       |       |       |       |     9 |     7 ||    16
Evoke: Wand              |       |       |     8 |    16 |    30 |    28 |       |    12 ||    94
       Lightning rod     |       |       |       |       |     8 |    11 |       |       ||    19
       Fan of gales      |       |       |       |       |     2 |       |       |       ||     2
       Lamp of fire      |       |       |       |       |     2 |     4 |     1 |     6 ||    13
       Phial of floods   |       |       |       |       |     1 |       |       |     1 ||     2
  Use: Potion            |     2 |     3 |     1 |     2 |     8 |     1 |     5 |    16 ||    38
       Scroll            |       |     1 |    13 |     8 |    15 |    16 |     6 |     6 ||    65
 Stab: Sleeping          |     2 |     2 |     4 |       |     1 |     3 |       |     2 ||    14
       Paralysed         |       |       |       |    18 |    18 |       |       |     1 ||    37
       Petrified         |       |       |       |       |     5 |     3 |       |       ||     8
       Confused          |       |       |       |       |       |     2 |       |     1 ||     3
       Distracted        |       |       |       |       |       |       |     2 |       ||     2
       Invisible         |       |       |       |       |       |       |       |     5 ||     5
  Eat: Chunk             |       |     4 |     8 |     7 |    10 |    13 |    13 |       ||    55
       Ration            |       |       |       |     2 |     4 |     3 |     4 |     8 ||    21
Armor: Robe              |     8 |       |       |       |       |       |       |       ||     8
       Leather armour    |    16 |    51 |       |    57 |    85 |   175 |    93 |    18 ||   495
       Skin              |    24 |     9 |       |       |     1 |    79 |    77 |   245 ||   435
       Ring mail         |       |       |    89 |    55 |    25 |       |       |       ||   169
Dodge: Dodged            |    84 |   132 |   141 |   410 |   879 |  1355 |  1431 |  1329 ||  5761
Block: Buckler           |       |       |    15 |   337 |   668 |   923 |   600 |   531 ||  3074
       Reflection        |       |       |     2 |    11 |    39 |   122 |    48 |    10 ||   232

Vault maps used:
D:1:      onia_arrival_mini_spirals, kennysheep_small_spiral
D:2:      minmay_misc_feat_rows, uniq_robin
D:3:      chequers_ecumenical_altar_simple_redux, minmay_bisected, uniq_grinder,
          uniq_natasha
D:4:      serial_glass, glass_columns_b, glass_columns_a
D:5:      first_ration, corexii_shack
D:6:      minmay_temple_entry_junction, hangedman_decor_peaks_small, uniq_pikel
D:7:      basic_altar, david_defended_altar_elf
D:8:      dpeg_oklobed_lair, uniq_joseph
D:9:      minmay_overflow_temple_star_hex, vehumet_crystals,
          gammafunk_ghost_cemetery
D:10:     serial_shops, shop
D:11:     serial_shops, shop, kennysheep_little_box
D:12:     orc_0_dummy, portal_ice_cave_demonic_guard, roderic_batcave,
          uniq_azrael, uniq_frances, uniq_fannar
D:13:     grunt_pizzeria, kennysheep_just_a_vault
D:14:     david_vaults_1, fedhas_altar_2
D:15:     hangedman_depths_entry_civil_slaughter,
          lemuel_mausoleum_altar_yredelemnul, serial_bayou_pond_b
Temple:   eino_temple_rhombus
Lair:1:   maelrawn_ghost_labyrinth_escape
Lair:2:   uniq_gastronok
Lair:3:   minmay_shoals_entry_beasts, uniq_nergalle
Lair:4:   minmay_snake_entry_six_corridors, minivault_25, minivault_25,
          infiniplex_staircase_pool
Lair:5:   slime_dummy, serial_bayou_pond_c, grunt_megastairs_3,
          serial_bayou_shore_a
Lair:6:   minmay_lair_end_frog_pond, basic_altar, columned_hall_lemuel
Shoals:1: ebering_ghost_rock_garden, serial_shops, shop,
          nicolae_shop_waterfront, nicolae_shop_overgrown_old_shop, shop
Shoals:2: nicolae_shoals_seven_spires
Shoals:3: cheibrodos_shoals_epimethial_gifts, nicolae_shoals_c_island
Shoals:4: shoals_end_grunt_ice, serial_shops, nicolae_shop_trees, shop,
          shop_fountains, shop, shop_fountains, nicolae_shoals_circle_sea_wall
Snake:1:  serial_shops, nicolae_shop_behind_doors
Snake:2:  st_stairs_14, grunt_megastairs_2, minmay_shop_star
Snake:3:  st_stairs_12, basic_stair_grate_trap, serial_bayou_shore_b
Snake:4:  snake_pit
Orc:1:    minmay_orc_treasury
Orc:2:    pubby_orc_utopia
Vaults:1: ebering_vaults_ghost_inner_flame, nicolae_vaults_triangles,
          v_alt_pattern_1, grunt_vaults_twisty, ontoclasm_vaults_ring_large,
          vaults_standard_mumra_enter_the_diamond, v_misc_10,
          hangedman_vaults_snaps, nicolae_vaults_little_squares_5,
          ontoclasm_vaults_chip, vaults_room_semicircle,
          nicolae_vaults_little_squares_3
Vaults:2: v_misc_28, vaults_room_guarded_vault, v_alt_pattern_4,
          vaults_dpeg_encased_lava, nicolae_vaults_arrows,
          hangedman_vaults_stagger, nicolae_vaults_angled_halls,
          nicolae_vaults_network_star, vaults_room_ringed_pool,
          hangedman_vaults_maws, vaults_room_grid, vaults_mumra_chevron,
          nicolae_vaults_diagonal_hallway_7, hangedman_vaults_slice,
          uniq_frederick
Vaults:3: vaults_dpeg_spiral, vaults_standard_mumra_lines,
          hangedman_vaults_cutoff, minmay_crypt_entry_necro_gods, v_rooms_1,
          v_misc_17, v_misc_18, ontoclasm_vaults_loading_screen, v_misc_13,
          v_misc_25, vaults_room_octagon, ontoclasm_vaults_bender, v_misc_22,
          nicolae_vaults_little_squares_5, ontoclasm_vaults_claustrophobia,
          portal_desolation_entry_garden, serial_shops, shop
Vaults:4: ontoclasm_vaults_tryst, ontoclasm_vaults_ring_small,
          nicolae_vaults_stairing_the_circle, serial_ice_h,
          ontoclasm_vaults_loading_screen, ontoclasm_vaults_hangar,
          nicolae_vaults_network_square, vaults_standard_mumra_x,
          grunt_vaults_hallway_short, nicolae_vaults_little_squares_3,
          v_pattern_3, serial_shops, shop, serial_glass, uniq_boris
Vaults:5: uniq_jory
Crypt:2:  st_stairs_12, minmay_misc_feat_columns, minivault_26, uniq_sojobo,
          uniq_mennas
Crypt:3:  church_of_pain_bobbens, nicolae_tomb_entry_grand_gallery,
          gammafunk_ghost_arena, feat_on_display, uniq_saint_roka
Tomb:2:   uniq_boris
Abyss:2:  due_exit_kobolds
IceCv:    ice_cave_small_necro

Table legend:
 A = Turns spent in this place as a percentage of turns spent in the entire game.
 B = Non-inter-level travel turns spent in this place as a percentage of non-inter-level travel turns spent in the entire game.
 C = Inter-level travel turns spent in this place as a percentage of turns spent in this place.
 D = Turns resting spent in this place as a percentage of non-inter-level travel turns spent in this place.
 E = Turns spent auto-exploring this place as a percentage of non-inter-level travel turns spent in this place.
 F = Non-inter-level travel turns spent in this place divided by the number of levels of this place that you've seen.
                   A       B       C       D       E      F
               +-------+-------+-------+-------+-------+----------------------
         Total | 100.0 | 100.0 |   1.4 |   0.1 |   0.0 | 553.7
       Dungeon |  34.1 |  33.6 |   2.9 |   0.2 |   0.0 | 569.7
        Temple |   0.1 |   0.1 |   0.0 |   0.0 |   0.0 |  23.0
          Lair |  13.5 |  13.5 |   1.3 |   0.0 |   0.0 | 575.0
        Shoals |   8.7 |   8.9 |   0.0 |   0.0 |   0.0 | 563.8
     Snake Pit |   8.9 |   9.0 |   1.3 |   0.0 |   0.0 | 570.0
  Orcish Mines |   8.2 |   8.2 |   0.9 |   0.0 |   0.0 | 1043.0
        Vaults |  10.2 |  10.3 |   0.0 |   0.0 |   0.0 | 525.2
         Crypt |   4.0 |   4.1 |   0.0 |   0.0 |   0.0 | 345.3
          Tomb |   6.5 |   6.6 |   0.0 |   0.0 |   0.0 | 556.7
         Abyss |   2.2 |   2.2 |   0.0 |   0.0 |   0.0 | 558.0
      Ice Cave |   1.6 |   1.6 |   0.0 |   0.0 |   0.0 | 406.0
    Desolation |   2.1 |   2.1 |   0.0 |   0.0 |   0.0 | 533.0
               +-------+-------+-------+-------+-------+----------------------

Table legend:
 A = Kills in this place as a percentage of kills in entire the game.
 B = Kills by you in this place as a percentage of kills by you in the entire game.
 C = Kills by friends in this place as a percentage of kills by friends in the entire game.
 D = Other kills in this place as a percentage of other kills in the entire game.
 E = Experience gained in this place as a percentage of experience gained in the entire game.
 F = Experience gained in this place divided by the number of levels of this place that you have seen.
                   A       B       C       D       E      F
               +-------+-------+-------+-------+-------+----------------------
         Total | 100.0 | 100.0 | 100.0 | 100.0 | 100.0 | 22955.3
       Dungeon |  22.5 |  22.8 |  25.0 |   0.0 |   7.2 | 5039.5
          Lair |  10.1 |  10.2 |   0.0 |   0.0 |   5.1 | 8993.0
        Shoals |   7.4 |   7.2 |   0.0 |  20.0 |   7.7 | 20398.5
     Snake Pit |  11.8 |  11.7 |   0.0 |  20.0 |  12.0 | 31777.8
  Orcish Mines |  11.4 |  11.4 |   0.0 |  12.0 |   3.9 | 20724.5
        Vaults |  12.1 |  12.1 |   0.0 |  12.0 |  20.7 | 43788.4
         Crypt |   5.8 |   5.9 |   0.0 |   0.0 |   8.9 | 31152.3
          Tomb |  10.1 |  10.1 |   0.0 |  16.0 |  27.9 | 98135.7
         Abyss |   1.9 |   1.7 |   0.0 |  16.0 |   1.7 | 18457.0
      Ice Cave |   2.7 |   2.8 |   0.0 |   0.0 |   0.6 | 6338.0
    Desolation |   4.2 |   4.1 |  75.0 |   4.0 |   4.2 | 44639.0
               +-------+-------+-------+-------+-------+----------------------
